 Dungeon Crawl Stone Soup version 0.24.0-28-g17ded55e90 (webtiles) character file.

Game seed: 14397623104020186453, levelgen mode: deterministic

56 Delamore the Chopper (level 3, -2/31 HPs)
             Began as a Hill Orc Fighter on Nov 12, 2019.
             Slain by Sigmund
             ... wielding a +0 scythe
              (7 damage)
             ... on level 1 of the Dungeon.
             The game lasted 00:01:13 (1127 turns).

Delamore the Chopper (Hill Orc Fighter)             Turns: 1127, Time: 00:01:14

Health: -2/31      AC: 11    Str: 24    XL:     3   Next: 97%
Magic:  3/3        EV:  4    Int:  8    God:
Gold:   43         SH:  9    Dex: 10    Spells: 2/2 levels left

rFire    . . .     SeeInvis .   a - +0 war axe
rCold    . . .     Gourm    .   c - +0 shield
rNeg     . . .     Faith    .   j - +0 plate armour
rPois    .         Spirit   .   (no helmet)
rElec    .         Reflect  .   (no cloak)
rCorr    .         Harm     .   (no gloves)
MR       .....                  (no boots)
Stlth    ..........             (no amulet)
HPRegen  0.10/turn              (no ring)
MPRegen  0.08/turn              (no ring)

@: mighty
A: no striking features
a: no special abilities


You were on level 1 of the Dungeon.
You were hungry.

You visited 1 branch of the dungeon, and saw 2 of its levels.

You collected 43 gold pieces.

Inventory:

Hand Weapons
 a - a +0 war axe (weapon)
Armour
 b - a +0 scale mail
 c - a +0 shield (worn)
 j - a +0 plate armour (worn)
Scrolls
 e - a scroll of amnesia {unknown}
 i - a scroll of remove curse {unknown}
 k - a scroll of identify {unknown}
Potions
 g - a potion of heal wounds {unknown}
 h - a potion of magic {unknown}
Comestibles
 f - 2 rations


   Skills:
 - Level 3.6 Fighting
 + Level 5.5 Axes
 - Level 3.2 Armour
 - Level 3.2 Shields


You had 2 spell levels left.
You didn't know any spells.
Your spell library was empty.

Dungeon Overview and Level Annotations

Branches:
Dungeon (2/15)

Altars:
Fedhas
Wu Jian

Annotations:
D:1 Sigmund


Message History

The magic dart hits you.
* * * LOW HITPOINT WARNING * * *
You closely miss Sigmund.
Sigmund is lightly wounded.
Sigmund casts a spell at you.
The magic dart hits you but does no damage.
You feel very mighty all of a sudden.
Sigmund mumbles some strange words.
Sigmund flickers and vanishes!
Deactivating autopickup; reactivate with Ctrl-A.
You miss something. Something completely misses you.
Unknown command.
You miss something. Something hits you but does no damage.
You closely miss something. Something hits you but does no damage.
You barely miss something. You closely miss something. Something hits you.
* * * LOW HITPOINT WARNING * * *
Your shield and plate armour prevent you from hitting something.
Something hits you!
You die...

#........'......#
#...'.....
##########......#
###...###### #......#
#.....+..... #......#
#.....#..... #......#
#.....#..... ######......#
#...###..... #.....#######
#...# #.....
#.....######### #...#
#..... #.........{@..#
##### #.....
#.........[)).##### #.....
#####)..(.(.......# #.....
#######.......##########
#.......#........#
#.......#........#
#.......#........#
#########.......#........#
#..........(....#........#


There were no monsters in sight!

Vanquished Creatures
  An orc wizard (D:1)
  A dart slug (D:1)
  2 orcs (D:1)
  A giant cockroach (D:1)
  2 goblins (D:1)
  3 hobgoblins (D:1)
  2 kobolds (D:1)
  7 bats
  2 frilled lizards (D:1)
  4 rats (D:1)
25 creatures vanquished.

Notes
Turn   | Place    | Note
-------+----------+-------------------------------------------
     0 | D:1      | Delamore the Hill Orc Fighter began the quest for the Orb.
     0 | D:1      | Reached XP level 1. HP: 19/19 MP: 1/1
    58 | D:1      | Reached skill level 3 in Axes
   165 | D:1      | Reached XP level 2. HP: 26/26 MP: 2/2
   411 | D:1      | Reached skill level 4 in Axes
   978 | D:2      | Found a blossoming altar of Fedhas.
   979 | D:2      | Found an ornate altar of the Wu Jian Council.
   998 | D:2      | Noticed Sigmund
  1016 | D:1      | Reached skill level 5 in Axes
  1016 | D:1      | Reached XP level 3. HP: 21/31 MP: 3/3
  1127 | D:1      | Slain by Sigmund

Levels and vault maps discovered:
D:1:      minmay_arrival_cross, layout_basic
D:2:      layout_loops_cross, nicolae_dithmenos_through_a_glass_darkly,
          lemuel_coloured_pillars_altar, nicolae_overflow_crystal_walls,
          gammafunk_temple_overflow_forgotten, hangedman_decor_points,
          minmay_domino_2, uniq_robin, uniq_sigmund

Skill      XL: |  1  2 |
---------------+-------+-----
Axes           | 3 5 |  5.5
Fighting       | |  3.6
Armour         | |  3.2
Shields        | |  3.2

Action                   || total
-------------------------++-------
Melee: War axe           ||    80
  Use: Potion            ||     1
Armor: Scale mail        ||    17
       Plate armour      ||    25
Dodge: Dodged            ||    17
Block: Shield            ||    43
